 Dungeon Crawl Stone Soup version 0.20.1-1-g8b1a95d (webtiles) character file.

44275 raph the Destroyer (level 13, -2/75 HPs)
             Began as a Deep Elf Fire Elementalist on Oct 15, 2017.
             Was a High Priest of Vehumet.
             Slain by a stone giant (39 damage)
             ... on level 2 of the Orcish Mines.
             The game lasted 01:24:01 (25501 turns).

raph the Destroyer (Deep Elf Fire Elementalist)    Turns: 25501, Time: 01:24:02

Health: -2/75      AC: 11    Str:  6    XL:     13   Next: 95%
Magic:  2/38       EV: 17    Int: 29    God:    Vehumet [*****.]
Gold:   178        SH:  0    Dex: 15    Spells: 0/33 levels left

rFire    + . .     SeeInvis .   a - +8 dagger "Qumar" {pierce, MR+ Int+4}
rCold    + . .     Gourm    .   (no shield)
rNeg     . . .     Faith    +   x - +2 leather armour of Lewoexus {MP+9}
rPois    +         Spirit   .   U - +0 helmet
rElec    .         Reflect  .   z - +1 cloak {rPois}
rCorr    .         Harm     .   h - +1 pair of gloves {archery}
MR       ++...                  (no boots)
Stlth    +++++.....             T - amulet of faith
Regen    0.3/turn               v - ring of stealth
MPRegen  0.3/turn               j - ring of Pecoacus {rF+ rC+}

@: no status effects
A: no striking features
a: Renounce Religion


You were on level 2 of the Orcish Mines.
You worshipped Vehumet.
Vehumet was extremely pleased with you.
You were near starving.

You visited 4 branches of the dungeon, and saw 19 of its levels.

You collected 1275 gold pieces.
You spent 1097 gold pieces at shops.

Inventory:

Hand Weapons
 a - the +8 dagger "Qumar" (weapon) {pierce, MR+ Int+4}
   (You found it on level 8 of the Dungeon)

   It inflicts extra damage upon your enemies.
   It affects your intelligence (+4).
   It affects your resistance to hostile enchantments.
Missiles
 P - 4 throwing nets (quivered)
Armour
 h - a +1 pair of gloves of archery (worn)
 x - the +2 leather armour of Lewoexus (worn) {MP+9}
   (You found it on level 5 of the Dungeon)

   It affects your magic capacity (+9).
 z - a +1 cloak of poison resistance (worn)
 U - a +0 helmet (worn)
Magical Staves
 k - an uncursed staff of power
 Z - an uncursed staff of earth
Jewellery
 j - the ring of Pecoacus (right hand) {rF+ rC+}
   (You found it on level 6 of the Dungeon)

   [ring of protection from cold]

   It protects you from fire.
   It protects you from cold.
 t - an uncursed ring of see invisible
 v - a ring of stealth (left hand)
 F - an uncursed ring of flight
 T - an amulet of faith (around neck)
Wands
 i - a wand of acid (2/15)
 q - a wand of confusion (24/48)
 s - a wand of acid (5/15)
 I - a wand of flame (10/48)
 R - a wand of iceblast (4/15)
Scrolls
 e - 6 scrolls of recharging
 y - 3 scrolls of blinking
 A - a scroll of amnesia
 D - a scroll of fear
 G - a scroll of holy word
 H - 2 scrolls of enchant weapon
 J - 5 scrolls of teleportation
 L - 3 scrolls of magic mapping
 N - a scroll of immolation
 Q - a scroll of identify
 W - 4 scrolls of remove curse
 Y - a scroll of enchant armour
Potions
 d - 2 potions of cancellation
 f - 10 potions of curing
 g - 4 potions of might
 n - 2 potions of agility
 p - a potion of heal wounds
 r - a potion of resistance
 B - 3 potions of invisibility
 K - a potion of brilliance
 O - a potion of magic
 S - 2 potions of flight
Books
 b - a book of Flames

   Spells                             Type                      Level
   a - Flame Tongue                   Conjuration/Fire             1
   b - Throw Flame                    Conjuration/Fire             2
   c - Conjure Flame                  Conjuration/Fire             3
   d - Inner Flame                    Hexes/Fire                   3
   e - Sticky Flame                   Conjuration/Fire             4
   f - Fireball                       Conjuration/Fire             5
 o - a book of Battle

   Spells                             Type                      Level
   a - Infusion                       Charms                       1
   b - Shroud of Golubria             Charms/Translocation         2
   c - Song of Slaying                Charms                       2
   d - Spectral Weapon                Hexes/Charms                 3
   e - Regeneration                   Charms/Necromancy            3
 M - a book of Clouds

   Spells                             Type                      Level
   a - Poisonous Vapours              Poison/Air                   2
   b - Mephitic Cloud                 Conjuration/Poison/Air       3
   c - Conjure Flame                  Conjuration/Fire             3
   d - Freezing Cloud                 Conjuration/Ice/Air          6
   e - Ring of Flames                 Charms/Fire                  7
Comestibles
 c - 11 bread rations
 l - 2 chunks of flesh
 m - 7 royal jellies
 w - 13 fruits
 V - a meat ration


   Skills:
 + Level 6.4 Fighting
 + Level 7.2 Short Blades
 + Level 6.8 Armour
 + Level 9.7 Dodging
 + Level 8.4 Stealth
 + Level 10.5 Spellcasting
 * Level 12.5 Conjurations
 * Level 3.1 Summonings
 * Level 12.5 Fire Magic


You couldn't memorise any spells.
You knew the following spells:

 Your Spells              Type           Power        Failure   Level  Hunger
a - Flame Tongue          Conj/Fire      #####        1%          1    None
b - Throw Flame           Conj/Fire      ######       1%          2    None
c - Conjure Flame         Conj/Fire      ######..     1%          3    None
d - Spellforged Servitor  Conj/Summ      ######....   38%         7    ######.
e - Sticky Flame          Conj/Fire      ######..     1%          4    None
f - Shroud of Golubria    Chrm/Tloc      ###.......   8%          2    None
g - Fireball              Conj/Fire      ######....   1%          5    ###....
h - Stone Arrow           Conj/Erth      ######       1%          3    None
i - Bolt of Fire          Conj/Fire      ######....   1%          6    #####..


Dungeon Overview and Level Annotations

Branches:
Dungeon (11/15)            Temple (1/1) D:4            Lair (5/6) D:10
  Swamp (0/4) Lair:3       Spider (0/4) Lair:3        Slime (0/5) Lair:5
    Orc (2/2) D:11
    Elf: Orc:2

Altars:
Ashenzari
Cheibriados
Dithmenos
Elyvilon
Fedhas
Gozag
Hepliaklqana
Kikubaaqudgha
Makhleb
Nemelex Xobeh
Okawaru
Qazlal
Ru
Sif Muna
Trog
Uskayaw
Vehumet
Xom
Yredelemnul
Zin
The Shining One
Jiyva

Shops:
D:5 *   D:6 *[**!   D:7 %   D:10 ?*   Orc:1 :

Annotations:
Lair:5 exclusion: oklob plant


Message History

Aim: a stone giant (severely wounded)
The bolt of acid hits the stone giant.
The stone giant is splashed with acid.
The acid corrodes the stone giant!
The stone giant is almost dead.
This wand has 5 charges left.
The stone giant misses you.
Casting: Bolt of Fire
Confirm with . or Enter, or press ? or * to list all spells.
Aiming: Flame Tongue
Press: ? - help, Shift-Dir - straight line, f/p - stone giant
Aim: a stone giant (almost dead, covered in acid)
The flame tongue hits the stone giant.
The stone giant is almost dead.
The stone giant completely misses you.
You hit the stone giant.
The stone giant is almost dead.
You completely miss the stone giant.
The stone giant is almost dead.
The stone giant hits you!!!
Ouch! That really hurt!
You die...

#...........##.....
##..........##......
###............#......
####....)..#.#..........#
#.....[=#.####...(.....##
#.##....[######.........##
#....[)[###.(...........
#..#...C)##.............
#####..@[.........#.....
#...<.).......#.....
#.....[.)....###....
###......##.## ##...
#........### ...
#.........# ...
#.....[.[... ..
#........[....
...............


You could see a stone giant.

Vanquished Creatures
  Donald (Orc:2)
  5 hydras
  Fannar (D:11)
  3 two-headed ogres (D:11)
  6 death yaks
  Sonja (Lair:1)
  3 orc sorcerers
  A wolf spider zombie (D:10)
  An orb spider (Lair:3)
  A cyclops (D:10)
  2 elephants
  A black mamba (Lair:5)
  An ice statue (Lair:4)
  12 spiny frogs
  A centaur zombie (D:11)
  A centaur skeleton (D:10)
  A torpor snail (Lair:4)
  A kobold demonologist (D:10)
  A freezing wraith (Lair:4)
  A rime drake (Lair:4)
  6 komodo dragons
  4 polar bears
  3 trolls
  8 blink frogs
  A dream sheep (Lair:2)
  14 hippogriffs
  A spriggan (Lair:2)
  21 yaks
  4 wyverns
  A wraith (D:10)
  A hungry ghost (D:9)
  4 fire bats (D:11)
  3 basilisks
  2 humans (D:9)
  10 water moccasins
  7 orc warriors
  A hell hound (D:11)
  6 porcupines
  An eye of draining (D:10)
  6 sky beasts
  9 ogres
  3 black bears
  13 ice beasts
  13 wolves
  6 centaurs
  7 crocodiles
  11 big kobolds
  13 bullfrogs
  4 scorpions
  9 killer bees
  4 wights (D:7)
  6 howler monkeys
  2 lava snakes (D:11)
  2 hounds
  2 gnoll shamans (D:4)
  A jelly (D:5)
  Crazy Yiuf (D:7)
  2 bullfrog skeletons
  5 orc priests
  9 orc wizards
  5 iguanas
  5 worker ants
  2 hound skeletons
  40 gnolls (D:4)
  7 adders
  2 shadow imps
  2 white imps (Lair:4)
  3 oozes
  3 adder skeletons (D:4)
  2 worms
  2 dart slugs
  9 leopard geckos
  54 orcs
  3 giant cockroaches
  4 hobgoblins
  27 jackals
  2 quokkas
  7 bats
  5 frilled lizards
  3 goblins
  19 kobolds
  2 leopard gecko skeletons
  5 rats
  8 bushes (Lair:4)
  2 fire vortices (D:11)
  A fungus (D:9)
  16 plants
511 creatures vanquished.

Vanquished Creatures (others)
  A bush (Lair:4)
  A fire vortex (D:11)
  9 fungi (Lair:4)
  7 plants (Lair:4)
18 creatures vanquished.

Grand Total: 529 creatures vanquished

Notes
Turn   | Place    | Note
-------+----------+-------------------------------------------
     0 | D:1      | raph the Deep Elf Fire Elementalist began the quest for the Orb.
     0 | D:1      | Reached XP level 1. HP: 10/10 MP: 6/6
    25 | D:1      | You fall through a shaft!
   795 | D:2      | Reached XP level 2. HP: 15/15 MP: 5/8
   825 | D:2      | Learned a level 2 spell: Throw Flame
  1223 | D:2      | Reached XP level 3. HP: 19/19 MP: 5/9
  1415 | D:2      | Learned a level 3 spell: Conjure Flame
  2335 | D:3      | Found a shimmering altar of Xom.
  2337 | D:3      | Found a sparkling altar of Nemelex Xobeh.
  2380 | D:3      | Found a bloodstained altar of Trog.
  2381 | D:3      | Found a basalt altar of Yredelemnul.
  2382 | D:3      | Found a shadowy altar of Dithmenos.
  2434 | D:3      | Reached XP level 4. HP: 22/24 MP: 7/10
  2961 | D:3      | Learned a level 3 spell: Inner Flame
  3132 | D:4      | Reached XP level 5. HP: 14/28 MP: 5/12
  3419 | D:4      | Found a staircase to the Ecumenical Temple.
  3431 | Temple   | Entered the Ecumenical Temple
  3534 | Temple   | Became a worshipper of Vehumet
  3611 | D:4      | Reached skill level 1 in Fighting
  3611 | D:4      | Reached skill level 1 in Armour
  4261 | D:4      | Noticed an ogre
  4271 | D:4      | Killed an ogre
  4271 | D:4      | Reached skill level 5 in Fire Magic
  4271 | D:4      | Reached XP level 6. HP: 34/34 MP: 2/14
  5003 | D:4      | Reached * piety under Vehumet
  5003 | D:4      | Offered knowledge of Freeze by Vehumet.
  5569 | D:4      | Reached XP level 7. HP: 38/38 MP: 2/15
  5871 | D:4      | Reached skill level 5 in Conjurations
  6357 | D:4      | Offered knowledge of Magic Dart by Vehumet.
  6370 | D:4      | Noticed a troll
  6378 | D:4      | Learned a level 1 spell: Magic Dart
  6383 | D:4      | Learned a level 4 spell: Sticky Flame
  6480 | D:4      | Killed a troll
  6480 | D:4      | Reached skill level 5 in Spellcasting
  6480 | D:4      | Reached XP level 8. HP: 44/44 MP: 2/17
  6606 | D:4      | Reached ** piety under Vehumet
  6878 | D:5      | Entered Level 5 of the Dungeon
  6996 | D:5      | Found a sparkling altar of Nemelex Xobeh.
  7032 | D:5      | Got a jewelled leather armour
  7064 | D:5      | Identified the +2 leather armour of Lewoexus {MP+9} (You found it on level 5 of the Dungeon)
  7130 | D:5      | Found Zin's Purification Station.
  7132 | D:5      | Found a glowing silver altar of Zin.
  7185 | D:5      | You fall through a shaft for 2 floors!
  7187 | D:7      | Found Poseang's Food Emporium.
  7215 | D:6      | Reached skill level 5 in Dodging
  7314 | D:6      | Got a brightly glowing platinum ring
  7316 | D:6      | Identified the ring of Pecoacus {rF+ rC+} (You found it on level 6 of the Dungeon)
  7981 | D:6      | Reached XP level 9. HP: 31/50 MP: 20/20
  8094 | D:6      | Learned a level 5 spell: Fireball
  8098 | D:6      | Found Cuiqeg's Assorted Antiques.
  8100 | D:6      | Found Ybita's Armour Emporium.
  8108 | D:6      | Bought a scroll labeled URHYFAAMUSE for 23 gold pieces
  8108 | D:6      | Bought a scroll of identify for 46 gold pieces
  8109 | D:6      | Bought a scroll labeled ACYOSSILIR for 23 gold pieces
  8144 | D:6      | Found Cuohepha's General Store.
  8149 | D:6      | Bought a +0 pair of gloves for 63 gold pieces
  8149 | D:6      | Bought a scroll of fear for 49 gold pieces
  8274 | D:6      | Offered knowledge of Searing Ray by Vehumet.
  8394 | D:6      | Found Eqeerch Yroim's Assorted Antiques.
  8402 | D:6      | Bought a scroll labeled EHASTAMIOHO for 28 gold pieces
  8795 | D:6      | Found Fuesei's Distillery.
  9578 | D:7      | Found a runed door.
  9642 | D:7      | Reached *** piety under Vehumet
  9979 | D:7      | Found a sparkling altar of Nemelex Xobeh.
 10013 | D:7      | Offered knowledge of Iskenderun's Mystic Blast by Vehumet.
 10290 | D:7      | Noticed Crazy Yiuf
 10295 | D:7      | Killed Crazy Yiuf
 10643 | D:8      | Got an ichor-stained dagger
 10644 | D:8      | Identified the +8 dagger "Qumar" {pierce, MR+ Int+4} (You found it on level 8 of the Dungeon)
 11578 | D:9      | Reached XP level 10. HP: 56/56 MP: 22/22
 11742 | D:9      | Reached **** piety under Vehumet
 11999 | D:9      | Offered knowledge of Stone Arrow by Vehumet.
 12095 | D:9      | Found an iron altar of Okawaru.
 12396 | D:10     | Entered Level 10 of the Dungeon
 12396 | D:10     | Found Keiss's Changing Room.
 12549 | D:10     | Found Peitz's Magic Scroll Shoppe.
 12650 | D:10     | Noticed an elephant
 12670 | D:10     | Killed an elephant
 12681 | D:10     | Learned a level 3 spell: Stone Arrow
 13289 | D:10     | Reached ***** piety under Vehumet
 13298 | D:10     | Reached XP level 11. HP: 59/62 MP: 9/24
 13306 | D:10     | Offered knowledge of Lightning Bolt by Vehumet.
 13306 | D:10     | Reached skill level 1 in Short Blades
 13318 | D:10     | Found a staircase to the Lair.
 13453 | D:10     | Reached skill level 5 in Stealth
 13842 | D:10     | Reached skill level 10 in Conjurations
 13842 | D:10     | Reached skill level 10 in Fire Magic
 14050 | Lair:1   | Entered Level 1 of the Lair of Beasts
 14198 | Lair:1   | Reached skill level 5 in Armour
 14255 | Lair:1   | Reached skill level 5 in Fighting
 14524 | Lair:1   | Noticed Sonja
 14526 | Lair:1   | Killed Sonja
 14896 | Lair:1   | Noticed a four-headed hydra
 14903 | Lair:1   | Killed a four-headed hydra
 14984 | Lair:1   | Reached XP level 12. HP: 68/68 MP: 19/26
 15793 | Lair:2   | Noticed a death yak
 15793 | Lair:2   | Noticed a death yak
 15793 | Lair:2   | Noticed a death yak
 15793 | Lair:2   | Noticed a death yak
 15794 | Lair:2   | Noticed a death yak
 15795 | Lair:2   | Noticed a death yak
 15821 | Lair:2   | Killed a death yak
 15844 | Lair:1   | Killed a death yak
 16111 | Lair:2   | Killed a death yak
 16122 | Lair:1   | Killed a death yak
 16701 | Lair:2   | Killed a death yak
 16701 | Lair:2   | Reached skill level 5 in Short Blades
 16709 | Lair:2   | Killed a death yak
 16922 | D:6      | Bought a papyrus book for 345 gold pieces
 16926 | D:6      | Learned a level 3 spell: Mephitic Cloud
 17530 | Lair:3   | Found a hole to the Spider Nest.
 17616 | Lair:3   | Found a staircase to the Swamp.
 17668 | Lair:3   | Offered knowledge of Bolt of Fire by Vehumet.
 17708 | Lair:3   | Learned a level 6 spell: Bolt of Fire
 18374 | Lair:4   | Noticed a five-headed hydra
 18386 | Lair:4   | Killed a five-headed hydra
 18386 | Lair:4   | Reached XP level 13. HP: 74/74 MP: 25/28
 21473 | Lair:4   | Reached skill level 10 in Spellcasting
 22096 | Lair:5   | Found a blossoming altar of Fedhas.
 22160 | Lair:5   | Found a viscous altar of Jiyva.
 22160 | Lair:5   | Found a staircase to the Slime Pits.
 22183 | Lair:5   | Offered knowledge of Spellforged Servitor by Vehumet.
 22527 | Lair:5   | Got a pair of distressingly furry boots
 22533 | Lair:5   | Identified the cursed +0 pair of boots of Mysticism {Int-4 Dex+6} (You found it on level 5 of the Lair of Beasts)
 23417 | D:11     | Learned a level 7 spell: Spellforged Servitor
 23702 | D:11     | Reached skill level 1 in Summonings
 24140 | D:11     | Noticed Fannar
 24141 | D:11     | Killed Fannar
 24324 | D:11     | Found a staircase to the Orcish Mines.
 24689 | Orc:1    | Entered Level 1 of the Orcish Mines
 24696 | Orc:1    | Offered knowledge of Bolt of Cold by Vehumet.
 24813 | Orc:1    | Found Gimp's Book Shop.
 25153 | Orc:2    | Entered Level 2 of the Orcish Mines
 25356 | Orc:1    | Bought a book of Battle for 520 gold pieces
 25360 | Orc:1    | Learned a level 2 spell: Shroud of Golubria
 25471 | Orc:2    | Noticed a stone giant
 25473 | Orc:2    | Noticed Donald
 25478 | Orc:2    | Killed Donald
 25501 | Orc:2    | Slain by a stone giant

Skill      XL: |  1  2  3  4  5  6  7  8  9 10 11 12 13 |
---------------+----------------------------------------+-----
Conjurations   | 2 3 4 5 7 8 9 10 11 12 | 12.5
Fire Magic     | 4 5 6 7 8 9 10 11 12 | 12.5
Dodging        | 3 4 5 6 7 8 9 |  9.7
Fighting       | 1 2 3 4 5 6 |  6.4
Armour         | 1 2 3 4 5 6 |  6.8
Spellcasting   | 4 5 6 7 8 9 10 | 10.5
Stealth        | 4 6 7 8 |  8.4
Short Blades   | 3 5 7 |  7.2
Summonings     | 3 |  3.1

Action                   |  1- 3 |  4- 6 |  7- 9 | 10-12 | 13-15 || total
-------------------------+-------+-------+-------+-------+-------++-------
Melee: Unarmed           |     1 |       |       |       |       ||     1
       Dagger            |     1 |     8 |    13 |    76 |   152 ||   250
       Flail             |       |       |    15 |       |       ||    15
 Cast: Flame Tongue      |    64 |   111 |   167 |    85 |    44 ||   471
       Throw Flame       |     8 |    17 |    36 |     7 |     1 ||    69
       Conjure Flame     |     3 |    10 |    19 |     9 |     3 ||    44
       Inner Flame       |       |     4 |    10 |     2 |     1 ||    17
       Sticky Flame      |       |       |    19 |    54 |    14 ||    87
       Fireball          |       |       |    23 |   106 |    51 ||   180
       Stone Arrow       |       |       |       |    36 |    26 ||    62
       Bolt of Fire      |       |       |       |    10 |    55 ||    65
       Shroud of Golubri |       |       |       |       |     3 ||     3
 Abil: Evoke Flight      |       |       |       |       |     1 ||     1
Evoke: Wand              |       |       |     1 |     2 |     3 ||     6
  Use: Scroll            |     5 |     2 |    14 |     7 |    12 ||    40
       Potion            |       |       |       |     1 |       ||     1
 Stab: Sleeping          |       |     2 |     4 |    12 |     9 ||    27
       Distracted        |       |       |       |     1 |     1 ||     2
  Eat: Chunk             |     2 |     9 |    18 |    21 |    36 ||    86
       Meat ration       |     1 |       |     2 |     4 |       ||     7
       Fruit             |       |       |       |     1 |     5 ||     6
Armor: Robe              |     5 |       |     8 |       |       ||    13
       Leather armour    |     3 |     4 |     9 |    31 |    14 ||    61
Dodge: Dodged            |    16 |    30 |    53 |    78 |    76 ||   253
